 Dungeon Crawl Stone Soup version 0.26-a0-1106-g6dfc622489 (webtiles) character file.

Game seed: 5626073325116532157

16641 1994 the Martial Artist (level 11, -12/91 HPs)
             Began as a Demigod Transmuter on Dec 16, 2020.
             Mangled by a gargoyle
             ... wielding a +0 flail
              (14 damage)
             ... in a Gauntlet.
             The game lasted 00:53:51 (17029 turns).

1994 the Martial Artist (Demigod Transmuter)       Turns: 17029, Time: 00:53:51

Health: -12/91     AC:  8    Str: 13    XL:     11   Next: 82%
Magic:  13/24      EV: 17    Int: 21    God:
Gold:   700        SH:  0    Dex: 18    Spells: 5/22 levels left

rFire    . . .     SeeInvis .     - Unarmed
rCold    . . .     Faith    .   (shield currently unavailable)
rNeg     . . .     Spirit   .   H - +0 troll leather armour
rPois    +         Reflect  .   (no helmet)
rElec    .         Harm     .   M - +1 cloak
rCorr    .         Rampage  .   (gloves currently unavailable)
Will     ++...     NoTele   +   I - +1 pair of boots {run}
Stlth    +.........             G - amulet of the acrobat
HPRegen  0.65/turn              K - ring of willpower
MPRegen  0.19/turn              v - ring of poison resistance

@: blade hands, wereblooded, quick
A: high mp 1
a: End Transformation


You were in a Gauntlet.
You had blades for hands.
You visited 2 branches of the dungeon, and saw 13 of its levels.
You also visited: Gauntlet.

You collected 700 gold pieces.

Inventory:

Hand Weapons
 d - a +0 hunting sling
 B - a +3 scimitar of flaming
 F - the +4 hunting sling of Oreiz {freeze, Will+ Int+4}
   (You found it on level 6 of the Dungeon)

   It causes projectiles fired from it to freeze those they strike, causing
   extra injury to most foes and up to half again as much damage against
   particularly susceptible opponents.
   They can also slow down cold-blooded creatures.
   It affects your intelligence (+4).
   It affects your willpower, your defense against some magical effects.
Missiles
 c - 411 stones (quivered ammo)
 f - 10 boomerangs
 i - 46 sling bullets
Armour
 D - a +2 buckler
 H - a +0 troll leather armour (worn)
 I - a +1 pair of boots of running (worn)
 M - a +1 cloak (worn)
Magical Staves
 b - an uncursed staff of cold (melded)
Jewellery
 h - an uncursed ring of magical power
 l - an uncursed ring of willpower
 t - an uncursed ring of protection from fire
 u - an uncursed amulet of regeneration
 v - a ring of poison resistance (right scythe-like blade)
 A - an uncursed ring of protection from fire
 G - an amulet of the acrobat (around neck)
 K - a ring of willpower (left scythe-like blade)
Wands
 s - a wand of enslavement (9)
 y - a wand of iceblast (17)
 E - a wand of acid (13)
Scrolls
 a - 3 scrolls of teleportation
 j - 3 scrolls of immolation
 m - 4 scrolls of remove curse
 o - a scroll of enchant weapon {unknown}
 r - a scroll of brand weapon {unknown}
 w - a scroll of fog
 x - a scroll of identify
 z - a scroll of acquirement {unknown}
 J - a scroll of fear {unknown}
Potions
 e - a potion of haste
 g - 2 potions of heal wounds
 k - 2 potions of brilliance
 n - a potion of curing
 p - 5 potions of lignification
 q - a potion of attraction
 C - a potion of might


   Skills:
 * Level 6.7 Fighting
 - Level 7.2 Dodging
 * Level 9.3 Unarmed Combat
 + Level 6.0 Spellcasting
 + Level 3.2 Translocations
 * Level 9.1 Transmutations
 - Level 5.0 Ice Magic
 - Level 3.0 Poison Magic


You had 5 spell levels left.
You knew the following spells:

 Your Spells              Type           Power        Failure   Level
a - Beastly Appendage     Tmut           #####.       10%         1
b - Wereblood             Tmut           #####...     11%         2
c - Spider Form           Tmut/Pois      ####......   26%         3
d - Ice Form              Ice/Tmut       #####...     38%         4
e - Blade Hands           Tmut           #####.....   43%         5
f - Blink                 Tloc           N/A          32%         2

Your spell library contained the following spells:

 Spells                   Type           Power        Failure   Level
 Gell's Gravitas          Tloc           ###.......   45%         3
 Magic Dart               Conj           #...         50%         1
 Summon Small Mammal      Summ           #...         50%         1
 Call Imp                 Summ           #.......     61%         2
 Slow                     Hex            #.......     61%         2
 Petrify                  Tmut/Erth      ####....     61%         4
 Mephitic Cloud           Conj/Pois/Air  ##......     67%         3
 Call Canine Familiar     Summ           #.......     78%         3
 Confusing Touch          Hex            #.......     78%         3
 Conjure Flame            Conj/Fire      #.......     78%         3
 Summon Guardian Golem    Hex/Summ       #.......     78%         3
 Summon Ice Beast         Ice/Summ       ###.....     82%         4
 Yara's Violent Unravell  Hex/Tmut       ####......   86%         5
 Summon Lightning Spire   Summ/Air       #.......     97%         4
 Metabolic Englaciation   Hex/Ice        ###.......   97%         5


Dungeon Overview and Level Annotations

Branches:
Dungeon (12/15)            Temple (1/1) D:7            Lair (0/6) D:9
Gauntlet (1/1)
    Orc: D:9-12

Annotations:
D:10 3 runed translucent doors, fasse2k's ghost, journeyman GnIE Gauntlet 9 transporters, 2 runed translucent doors, exclusion: ice statue


Innate Abilities, Weirdness & Mutations

You have an increased reservoir of magic. (+10% MP)


Message History

Unknown command.
Unknown command.
Unknown command.
You hit the gargoyle.
The gargoyle is severely damaged.
Your hands revert to their normal proportions.
Your uncursed staff of cold unmelds from your body.
The gargoyle hits you with a +0 flail!
* * * LOW HITPOINT WARNING * * *
Unknown command.
Unknown command.
Casting: Wereblood (safe; 1% risk of failure)
Confirm with . or Enter, or press ? or * to list all spells.
Your hands turn into razor-sharp scythe blades.
Your uncursed staff of cold melds into your body.
The gargoyle hurls a stone arrow at you.
The stone arrow hits you!!
* * * LOW HITPOINT WARNING * * *
The gargoyle hits you with a +0 flail!
You die...

### ### ### ### ### ### ### ###
#≈###≈###≈###≈###≈###≈###≈###≈###
≈≈≈#≈≈≈#≈≈≈#≈≈≈#≈≈≈#≈≈≈#≈≈≈#≈≈≈#≈
.................................
########...#########...#########.
.##....#.⌠.###.9@###.⌠.#R.....E#.
..##..##...###.†9###...#.#+###○#.
...#.#######..##'.######.#..§#E#.
.##.##©#©.©#..#©#[©#©.©#.#.§§#h#.
##.#...#.⌠.#..'##.##.⌠.#.#.§§#h#.
#..##..#...###...###...#.#+###E#.
..†©##.#.⌠.###...###.⌠.#.....Rh#.
########...#########...#########.
.......#.⌠.........#.⌠.....#.....


You could see 2 gargoyles.

Vanquished Creatures
  A boulder beetle (D:11)
  Erica (D:9)
  A catoblepas (Gauntlet)
  A death yak (D:11)
  A two-headed ogre (D:9)
  A death scarab (Gauntlet)
  2 unseen horrors
  An ugly thing (D:10)
  Pikel (D:4)
  An oklob plant (D:11)
  Maurice (D:8)
  A cyclops (D:11)
  A gargoyle (D:11)
  A kobold demonologist (D:10)
  3 centaur skeletons
  A polar bear (D:10)
  2 trolls
  Prince Ribbit (D:8)
  A centaur simulacrum (D:11)
  A shadow (D:11)
  5 yaks
  Grum (D:8)
  A spectral torpor snail (Gauntlet)
  3 orc warriors
  A meliai simulacrum (D:11)
  2 black bears
  2 sky beasts
  6 ice beasts
  10 ogres
  9 centaurs
  A necrophage (D:7)
  6 wolves
  2 lemures (D:4)
  A big kobold (D:11)
  3 bullfrogs
  2 scorpions
  3 killer bees
  5 wights (D:8)
  6 howler monkeys
  5 electric eels (D:9)
  16 hounds
  4 bullfrog zombies
  Crazy Yiuf (D:3)
  2 centaur zombies (D:10)
  8 orc priests
  3 jellies
  2 iguanas
  9 orc wizards
  8 worker ants
  A hound zombie (D:7)
  3 worker ant zombies
  7 gnolls
  A howler monkey skeleton (D:9)
  12 adders
  2 shadow imps
  5 white imps
  An ufetubus (D:8)
  An ooze (D:1)
  2 adder skeletons
  A worm (D:2)
  The ghost of rlgrobin the Sneak, a weakling KoDe (D:5)
  A dart slug (D:1)
  6 leopard geckos
  56 orcs
  A ball python (D:1)
  6 bats
  2 giant cockroaches (D:1)
  4 goblins (D:1)
  7 hobgoblins
  13 jackals
  15 kobolds
  7 quokkas
  2 frilled lizards
  A jackal zombie (D:6)
  A leopard gecko skeleton (D:6)
  A leopard gecko zombie (D:7)
  26 rats
337 creatures vanquished.

Vanquished Creatures (others)
  11 plants
11 creatures vanquished.

Grand Total: 348 creatures vanquished

Notes
Turn   | Place    | Note
-------+----------+-------------------------------------------
     0 | D:1      | 1994 the Demigod Transmuter began the quest for the Orb.
     0 | D:1      | Reached XP level 1. HP: 15/15 MP: 5/5
    70 | D:1      | Reached skill level 1 in Fighting
   604 | D:1      | Reached XP level 2. HP: 12/23 MP: 5/7
   833 | D:1      | Learned a level 2 spell: Wereblood
  1164 | D:1      | Reached XP level 3. HP: 25/28 MP: 8/8
  1194 | D:1      | Learned a level 3 spell: Spider Form
  2520 | D:2      | Reached XP level 4. HP: 22/35 MP: 6/10
  3762 | D:3      | Reached skill level 1 in Poison Magic
  3959 | D:3      | Found a runed translucent door.
  3960 | D:3      | Noticed Crazy Yiuf
  4601 | D:3      | Found a stormy altar of Qazlal.
  4604 | D:3      | Found a white marble altar of Elyvilon.
  4607 | D:3      | Found a hide-covered altar of Uskayaw.
  5346 | D:4      | Reached XP level 5. HP: 41/41 MP: 7/11
  6440 | D:4      | Noticed Pikel
  6476 | D:4      | Killed Pikel
  6477 | D:4      | Reached XP level 6. HP: 25/50 MP: 10/13
  6477 | D:4      | Reached XP level 7. HP: 28/56 MP: 10/14
  6530 | D:4      | Learned a level 4 spell: Ice Form
  6658 | D:4      | Got a faintly humming ring mail
  6669 | D:4      | Identified the +1 ring mail "Buocyull" {*Contam Harm Dex+4
                  | Stlth+} (You found it on level 4 of the Dungeon)
  7219 | D:5      | Entered Level 5 of the Dungeon
  7257 | D:5      | Reached skill level 1 in Ice Magic
  7377 | D:4      | Reached skill level 5 in Unarmed Combat
  7440 | D:5      | Found a large runed translucent door.
  7547 | D:4      | Reached XP level 8. HP: 59/63 MP: 14/16
  7879 | D:5      | Found a large runed translucent door.
  7880 | D:5      | Noticed rlgrobin's ghost (weakling KoDe)
  7903 | D:5      | Killed rlgrobin's ghost
  8023 | D:5      | Found a glowing golden altar of the Shining One.
  8023 | D:5      | Found an ancient bone altar of Kikubaaqudgha.
  8220 | D:6      | Reached skill level 5 in Transmutations
  9213 | D:6      | Got a faintly glowing hunting sling
  9246 | D:7      | Found a staircase to the Ecumenical Temple.
  9312 | D:7      | Reached XP level 9. HP: 71/71 MP: 11/18
  9742 | D:7      | Learned a level 5 spell: Blade Hands
 10315 | Temple   | Entered the Ecumenical Temple
 10379 | D:8      | Noticed Prince Ribbit
 10402 | D:8      | Killed Prince Ribbit
 10653 | D:8      | Noticed Grum
 10661 | D:8      | Killed Grum
 10898 | D:8      | Reached skill level 5 in Dodging
 10974 | D:8      | Noticed Maurice
 10994 | D:8      | Killed Maurice
 11489 | D:9      | Noticed Erica
 11508 | D:9      | Killed Erica
 11509 | D:9      | Reached skill level 5 in Ice Magic
 11509 | D:9      | Reached XP level 10. HP: 72/80 MP: 14/20
 11848 | D:9      | Noticed a two-headed ogre
 11879 | D:9      | Killed a two-headed ogre
 11937 | D:9      | Found a broken altar of Ashenzari.
 11978 | D:9      | Reached skill level 5 in Fighting
 12154 | D:9      | Reached skill level 5 in Spellcasting
 12169 | D:9      | Found an opulent altar of Gozag.
 12562 | D:9      | Found a staircase to the Lair.
 12736 | D:10     | Entered Level 10 of the Dungeon
 13225 | D:10     | Killed an unseen horror
 13310 | D:10     | Found a runed translucent gate.
 13310 | D:10     | Found a runed translucent gate.
 13311 | D:10     | Found a runed translucent gate.
 13313 | D:10     | Noticed a ten-headed hydra
 13313 | D:10     | Noticed fasse2k's ghost (journeyman GnIE)
 13591 | D:3      | Killed Crazy Yiuf
 14127 | D:10     | Identified the +4 hunting sling of Oreiz {freeze, Will+
                  | Int+4} (You found it on level 6 of the Dungeon)
 14256 | D:10     | Reached XP level 11. HP: 29/88 MP: 10/22
 14507 | D:11     | Noticed a boulder beetle
 14523 | D:11     | Killed a boulder beetle
 14594 | D:11     | Found a snail-covered altar of Cheibriados.
 14610 | D:11     | Learned a level 2 spell: Blink
 14972 | D:11     | Reached skill level 1 in Translocations
 15320 | D:11     | HP: 3/89 [centaur warrior simulacrum (29)]
 15806 | D:11     | Noticed a death yak
 15836 | D:11     | Killed a death yak
 16249 | D:11     | Killed an unseen horror
 16526 | D:12     | Found a gate leading to a gauntlet.
 16577 | Gauntlet | Entered a Gauntlet
 16577 | Gauntlet | Found a transporter.
 16577 | Gauntlet | Found a transporter.
 16577 | Gauntlet | Noticed a death scarab
 16588 | Gauntlet | Found a transporter.
 16591 | Gauntlet | Found a transporter.
 16595 | Gauntlet | Found a runed translucent door.
 16595 | Gauntlet | Noticed a catoblepas
 16597 | Gauntlet | Found a runed translucent door.
 16599 | Gauntlet | Found a transporter.
 16603 | Gauntlet | Found a transporter.
 16607 | Gauntlet | Found a runed translucent door.
 16607 | Gauntlet | Found a runed translucent door.
 16611 | Gauntlet | Found a transporter.
 16627 | Gauntlet | Found a transporter.
 16627 | Gauntlet | Noticed a blizzard demon
 16644 | Gauntlet | Found a transporter.
 16645 | Gauntlet | Found a transporter.
 16648 | Gauntlet | Noticed a death ooze
 16653 | Gauntlet | Found a transporter.
 16657 | Gauntlet | Found a transporter.
 16954 | Gauntlet | Killed a death scarab
 16978 | Gauntlet | Identified a +1 pair of boots of running (You found it in a
                  | Gauntlet)
 17024 | Gauntlet | Killed a catoblepas
 17029 | Gauntlet | HP: 2/91 [gargoyle/stone arrow (20)]
 17029 | Gauntlet | Mangled by a gargoyle

Illustrated notes

Levels and vault maps discovered:
D:1:      lightli_iron_boxes, layout_basic
D:2:      layout_basic, minmay_fountain_box
D:3:      layout_loops_ring, grunt_temple_overflow_diamond, grunt_ministairs_10,
          chequers_serial_rivers_micro_c, roderic_roman_lattice,
          uniq_crazy_yiuf_cottage
D:4:      layout_basic, serial_forest, infiniplex_forest_clump_cross,
          infiniplex_forest_straight_2, infiniplex_forest_lined_room_3,
          infiniplex_forest_lined_corner, infiniplex_forest_clump_small,
          infiniplex_forest_clump_double, st_stairs_10, minmay_rat_hole,
          uniq_pikel
D:5:      layout_cave_pools, gammafunk_temple_overflow_wave,
          ebering_ghost_disaster_area
D:6:      layout_basic
D:7:      layout_layer_cave, minmay_temple_entry_proselytizer
D:8:      layout_loops_ring, uniq_prince_ribbit1, uniq_grum, uniq_maurice
D:9:      layout_basic, erik_lair_island, basic_altar, evilmike_ruin_ashenzari,
          uniq_erica
D:10:     layout_basic, gammafunk_ghost_hydra_chop
D:11:     layout_rooms, serial_ice, serial_ice_n, serial_ice_o, serial_ice_h,
          serial_ice_a, serial_ice_f, serial_ice_j,
          chequers_serial_rivers_micro_b, eino_tiny_chamber, lemuel_oklob_altar
D:12:     layout_gridville, david_orc_2, gauntlet_entry_generic, serial_shops,
          shop, lightli_corner_chamber
Temple:   minmay_crystal_spiral_temple
Gauntlet: minmay_gauntlet_77_indecision [minmay_gauntlet_arena_77_fan,
          minmay_gauntlet_arena_77_checkered, minmay_gauntlet_arena_77_cramped,
          minmay_gauntlet_arena_77_museum, minmay_gauntlet_arena_77_shame_cube,
          minmay_gauntlet_arena_77_mirror, gauntlet_exit_hidden_loot]

Skill      XL: |  1  2  3  4  5  6  7  8  9 10 11 |
---------------+----------------------------------+-----
Fighting       | 1 2 3 4 5 6 |  6.7
Transmutations | 2 3 4 5 6 7 9 |  9.1
Spellcasting   | 2 3 4 5 6 |  6.0
Unarmed Combat | 3 4 5 6 7 8 9 |  9.3
Poison Magic   | 1 3 |  3.0
Dodging        | 2 4 5 6 7 |  7.2
Ice Magic      | 1 3 5 |  5.0
Translocations | 3 |  3.2

Action                   |  1- 3 |  4- 6 |  7- 9 | 10-12 || total
-------------------------+-------+-------+-------+-------++-------
Melee: Unarmed           |   126 |   189 |   402 |   466 ||  1183
       Kick              |    17 |    32 |    57 |    21 ||   127
       Headbutt          |    10 |    20 |    42 |    17 ||    89
       Punch             |     1 |     2 |     5 |     5 ||    13
       Staff             |       |       |       |     1 ||     1
Throw: Boomerang         |     5 |       |       |       ||     5
 Cast: Beastly Appendage |    17 |    22 |    27 |    12 ||    78
       Spider Form       |     1 |     4 |     8 |    23 ||    36
       Ice Form          |       |       |    14 |    20 ||    34
       Wereblood         |       |       |       |     3 ||     3
       Blade Hands       |       |       |       |     4 ||     4
 Abil: End Transformatio |       |       |     3 |    10 ||    13
Evoke: Wand              |       |       |     3 |    13 ||    16
  Use: Scroll            |       |     7 |     6 |     4 ||    17
       Potion            |       |     1 |       |     2 ||     3
 Stab: Sleeping          |     3 |     1 |     3 |       ||     7
Armor: Robe              |    18 |       |       |       ||    18
       Leather armour    |     1 |    25 |       |       ||    26
       Ring mail         |       |    21 |    55 |    19 ||    95
       Skin              |       |       |    36 |    64 ||   100
       Troll leather arm |       |       |       |     4 ||     4
Dodge: Dodged            |    75 |   101 |   269 |   501 ||   946

Table legend: (Time is in decaauts)
 A = Elapsed time spent in this place.
 B = Non-inter-level travel time spent in this place.
 C = Inter-level travel time spent in this place.
 D = Time resting spent in this place.
 E = Time spent auto-exploring this place.
 F = Levels seen in this place.
 G = Mean time per level.
                   A        B        C        D        E       F      G
               +--------+--------+--------+--------+--------+-----+--------+
         Total |  16900 |  15682 |   1218 |   5461 |   5998 |  14 | 1207.1 |
       Dungeon |  16452 |  15234 |   1218 |   5455 |   5889 |  12 | 1371.0 |
        Temple |      1 |      1 |      0 |      0 |      0 |   1 |    1.0 |
      Gauntlet |    446 |    446 |      0 |      6 |    109 |   1 |  446.0 |
               +--------+--------+--------+--------+--------+-----+--------+

Top non-repeatable levels by time:
     D:4: 2144 daAuts
     D:3: 2054 daAuts
    D:10: 1960 daAuts
     D:1: 1939 daAuts
     D:2: 1525 daAuts
    D:11: 1410 daAuts
     D:8: 1233 daAuts
     D:9: 1152 daAuts
     D:7: 1145 daAuts
     D:5: 936 daAuts
     D:6: 886 daAuts
Gauntlet: 446 daAuts
    D:12: 64 daAuts
  Temple: 1 daAuts
